 Dungeon Crawl Stone Soup version 0.26.1-11-gd32895ea62 (console) character file.

Game seed: 12637427318282582263

60582 om the Severer (level 14, -19/118 HPs)
             Began as a Minotaur Berserker on July 20, 2021.
             Was the Champion of Trog.
             Hit by a large rock thrown by a stone giant (27 damage)
             ... on level 1 of the Orcish Mines.
             The game lasted 00:49:56 (24706 turns).

om the Severer (Minotaur Berserker)                Turns: 24706, Time: 00:49:57

Health: -19/118    AC: 20    Str: 26    XL:     14   Next: 57%
Magic:  13/13      EV: 14    Int:  6    God:    Trog [******]
Gold:   1542       SH:  9    Dex: 12    Spells: 13/13 levels left

rFire    . . .     SeeInvis +   y - +1 exec axe {flame, rN+ Will+++ Dex-5}
rCold    + . .     Faith    .   (shield currently unavailable)
rNeg     + . .     Spirit   .   m - +1 plate armour {rPois}
rPois    +         Reflect  +   (helmet restricted)
rElec    .         Harm     .   L - +1 cloak
rCorr    .         Rampage  .   (no gloves)
Will     +++++     Clarity  +   (no boots)
Stlth    ..........             o - amulet of reflection
HPRegen  0.29/turn              D - ring of willpower
MPRegen  0.13/turn              P - ring "Xaenoymurgh" {*Drain rPois rC+ Dex+6 SInv}

@: berserk cooldown, very slightly contaminated, silenced
A: retaliatory headbutt, horns 2, large bone plates 1, clarity, clever 1
a: Renounce Religion


You were on level 1 of the Orcish Mines.
You worshipped Trog.
Trog was exalted by your worship.
You visited 3 branches of the dungeon, and saw 21 of its levels.

You collected 2058 gold pieces.
You spent 516 gold pieces at shops.

Inventory:

Hand Weapons
 e - a +3 battleaxe of flaming
 f - a +7 vorpal executioner's axe
 y - the +1 executioner's axe "Ruogogez" (weapon) {flame, rN+ Will+++ Dex-5}
   (Trog gifted it to you on level 1 of the Orcish Mines)

   It has been specially enchanted to burn those struck by it, causing extra
   injury to most foes and up to half again as much damage against particularly
   susceptible opponents.
   Big, fiery blades are also staple armaments of hydra-hunters.
   It affects your dexterity (-5).
   It protects you from negative energy.
   It affects your willpower, your defense against some magical effects.
 O - a +3 battleaxe of flaming
 R - a +0 vorpal shortbow
Missiles
 T - 14 arrows
Armour
 a - a +0 plate armour
 m - a +1 plate armour of poison resistance (worn)
 L - a +1 cloak (worn)
Jewellery
 d - an uncursed amulet of the acrobat
 h - an uncursed ring of ice
 l - an uncursed amulet of faith {unknown}
 o - an amulet of reflection (around neck)
 D - a ring of willpower (left hand)
 P - the ring "Xaenoymurgh" (right hand) {*Drain rPois rC+ Dex+6 SInv}
   (You found it on level 13 of the Dungeon)

   [ring of see invisible]

   It affects your dexterity (+6).
   It protects you from cold.
   It protects you from poison.
   It lets you see invisible.
   It causes draining when unequipped.
 Q - an uncursed amulet of guardian spirit {unknown}
Wands
 p - a wand of paralysis (24)
 r - a wand of acid (14)
 x - a wand of iceblast (29)
 z - a wand of digging (14)
 H - a wand of flame (68)
 I - a wand of disintegration (24)
 K - a wand of random effects (39)
Scrolls
 q - 6 scrolls of teleportation
 s - 3 scrolls of enchant weapon
 u - 3 scrolls of amnesia
 v - a scroll of fog
 A - 3 scrolls of enchant armour
 B - 6 scrolls of remove curse
 E - a scroll of identify
 F - a scroll of magic mapping
 G - a scroll of blinking
 J - a scroll of vulnerability
 N - a scroll of fear
 S - a scroll of silence
Potions
 b - 4 potions of brilliance
 c - a potion of heal wounds
 g - 8 potions of haste
 i - 2 potions of might
 j - 3 potions of ambrosia
 k - 3 potions of lignification
 n - 6 potions of curing
 t - a potion of attraction
 w - a potion of invisibility
 C - a potion of cancellation {unknown}
 M - a potion of resistance


   Skills:
 + Level 9.6 Fighting
 * Level 18.2 Axes
 * Level 1.0 Bows
 + Level 15.0 Armour
 + Level 13.9 Dodging
 - Level 4.0 Evocations


You had 13 spell levels left.
You didn't know any spells.
Your spell library was empty.

Dungeon Overview and Level Annotations

Branches:
Dungeon (13/15)            Temple (0/1) D:7            Lair (6/6) D:11
 Shoals (0/4) Lair:4       Spider (0/4) Lair:2        Slime (0/5) Lair:5
    Orc (2/2) D:11            Elf (0/3) Orc:2
 Vaults: D:13-14

Altars:
Cheibriados
Elyvilon
Fedhas
Kikubaaqudgha
Nemelex Xobeh
Qazlal
Ru
Sif Muna
Trog
Uskayaw
Vehumet
Wu Jian
Xom
Yredelemnul
Zin
The Shining One
Beogh

Shops:
D:5 *   Orc:2 :(!!

Annotations:
D:4 1 runed translucent door
D:8 3 runed translucent doors, seveneves's ghost, novice MiFi
Orc:1 1 transporter, 1 runed translucent door


Innate Abilities, Weirdness & Mutations

You reflexively headbutt those who attack you in melee.
You have a pair of horns on your head.
You are partially covered in large bone plates. (SH +4)
You possess an exceptional clarity of mind.
Your mind is acute. (Int +2)


Message History

The large rock hits you!
* * * LOW HITPOINT WARNING * * *
Found a human skeleton.
You see here 2 large rocks.
You feel much better. You block the troll's attack.
The troll claws you but does no damage. The troll claws you.
The moth of wrath angrily waves its antennae.
The orc knight hits you but does no damage.
The stone giant throws a large rock.
You reflect the large rock off an invisible shield around you!
The large rock hits the stone giant!!
The troll barely misses you. You furiously retaliate!
You headbutt the troll. The troll claws you. The troll closely misses you.
Okay, then.
The troll closely misses you. You furiously retaliate!
You headbutt the troll, but do no damage.
The troll claws you.
* * * LOW HITPOINT WARNING * * *
The troll misses you.
The cyclops throws a large rock.
The large rock hits you!!
* * * LOW HITPOINT WARNING * * *
The stone giant throws a large rock.
The large rock hits you!!
You die...

#.......# #
###.©.###
#y#####y#
###########
##..'.©['..#
##...'.[†'...#
###....#.!.#....#
#§#..#########..#
###..#y##W##y#..#
#e#oT####+## #
#y#T@.$$:_[$
#e#....$?C!$
#o#.C⌠..??)..⌠
#e#..........
###.........
##########
#y#☼#######
#####..©..###
#y#.....#y#
####.....##
##.......#.##


You could see a stone giant, an orc knight (berserk), a deep elf annihilator, a
deep troll, a moth of wrath, a cyclops, a deep elf mage, a troll (berserk) and
an orc sorcerer.

Vanquished Creatures
  Donald (Orc:1)
  An orc warlord (Orc:2)
  2 boulder beetles
  A hydra (D:11)
  4 two-headed ogres
  An ogre mage (Orc:2)
  6 death yaks (Lair:2)
  Nergalle (Orc:2)
  2 deep trolls (Orc:1)
  2 unseen horrors (D:13)
  A wizard (D:11)
  The ghost of Tirrikindir the Carver, a novice OpFi (D:7)
  An orc knight (Orc:1)
  2 manticores (D:13)
  2 cyclopes (D:13)
  9 orc sorcerers (Orc:2)
  An ugly thing (D:13)
  3 black mambas
  6 cane toads
  A cane toad (shapeshifter) (D:12)
  A gargoyle (D:13)
  A rime drake (Lair:5)
  An efreet (D:13)
  7 komodo dragons
  A hornet (Lair:2)
  3 polar bears
  10 trolls
  Prince Ribbit (D:8)
  6 blink frogs
  Sigmund (D:3)
  A wraith (D:10)
  42 yaks
  A wyvern (Lair:4)
  4 basilisks
  3 wargs (Orc:1)
  11 water moccasins
  24 orc warriors
  A phantom (D:4)
  5 black bears
  2 ice beasts
  A sky beast (D:8)
  An eye of draining (D:13)
  14 wolves
  11 ogres
  A necrophage (D:8)
  8 centaurs
  6 big kobolds
  20 bullfrogs
  A wyvern skeleton (D:6)
  11 scorpions
  3 killer bees (D:8)
  5 wights (D:9)
  2 howler monkeys
  An electric eel (Lair:5)
  5 centaur zombies
  A crimson imp (D:11)
  A bullfrog zombie (D:5)
  23 orc priests
  7 hounds
  Crazy Yiuf (D:5)
  3 bullfrog skeletons
  4 jellies
  37 orc wizards
  Natasha (thrice) (D:3)
  2 iguanas
  Terence (D:3)
  10 worker ants
  3 worker ant zombies
  Robin (D:2)
  9 gnolls
  9 adders
  3 white imps
  An ooze (D:1)
  3 worms
  A dart slug (D:1)
  8 leopard geckos
  83 orcs
  8 giant cockroaches
  18 goblins
  4 hobgoblins
  9 jackals
  38 kobolds
  4 quokkas
  A ball python skeleton (D:4)
  12 bats
  6 frilled lizards
  A kobold skeleton (D:4)
  A quokka skeleton (D:5)
  6 rats
586 creatures vanquished.

Vanquished Creatures (collateral kills)
  A fire giant (D:13)
  2 cyclopes (D:13)
  A centaur (D:13)
4 creatures vanquished.

Vanquished Creatures (others)
  A centaur warrior (D:13)
  An orc wizard (Orc:2)
  A kobold (D:13)
  31 fungi
  29 plants
  2 withered plants (D:7)
65 creatures vanquished.

Grand Total: 655 creatures vanquished

Notes
Turn   | Place    | Note
-------+----------+-------------------------------------------
     0 | D:1      | om the Minotaur Berserker began the quest for the Orb.
     0 | D:1      | Reached XP level 1. HP: 19/19 MP: 0/0
     5 | D:1      | Noticed a spriggan
     9 | D:1      | Noticed a minotaur
    11 | D:1      | Noticed a naga
    13 | D:1      | Noticed a dwarf
    15 | D:1      | Noticed a formicid
    17 | D:1      | Noticed a vampire
    19 | D:1      | Noticed a minotaur skeleton
   162 | D:1      | Reached XP level 2. HP: 26/27 MP: 1/1
   180 | D:1      | Reached skill level 4 in Axes
  1258 | D:2      | Reached XP level 3. HP: 25/33 MP: 2/2
  1441 | D:2      | Found a blossoming altar of Fedhas.
  1451 | D:2      | Reached ** piety under Trog
  1462 | D:2      | Found a stormy altar of Qazlal.
  1476 | D:2      | Noticed Robin
  1501 | D:2      | Killed Robin
  1502 | D:2      | Reached XP level 4. HP: 32/40 MP: 3/3
  1687 | D:2      | Noticed a bullfrog
  1697 | D:2      | Killed a bullfrog
  1698 | D:2      | Reached skill level 5 in Axes
  1698 | D:2      | Reached XP level 5. HP: 36/46 MP: 4/4
  2511 | D:3      | Noticed Natasha
  2512 | D:3      | Reached skill level 6 in Axes
  2784 | D:3      | Reached XP level 6. HP: 52/52 MP: 5/5
  2788 | D:3      | Killed Natasha
  2861 | D:3      | Found an ornate altar of the Wu Jian Council.
  2886 | D:3      | Noticed Terence
  2891 | D:3      | Killed Terence
  2903 | D:3      | Found a sacrificial altar of Ru.
  2908 | D:3      | Found a shimmering blue altar of Sif Muna.
  2910 | D:3      | Noticed Sigmund
  2927 | D:3      | Killed Sigmund
  2928 | D:3      | Reached skill level 7 in Axes
  2928 | D:3      | Reached skill level 5 in Armour
  2928 | D:3      | Reached XP level 7. HP: 59/59 MP: 6/6
  2930 | D:3      | Reached *** piety under Trog
  3303 | D:3      | Noticed Natasha
  3310 | D:3      | Killed Natasha
  3329 | D:3      | Reached skill level 5 in Dodging
  3576 | D:3      | Found a hide-covered altar of Uskayaw.
  3597 | D:3      | Noticed Natasha
  3603 | D:3      | Killed Natasha
  3738 | D:4      | Found a shimmering altar of Xom.
  4119 | D:4      | Found a runed translucent door.
  4119 | D:4      | Noticed a human
  4134 | D:4      | Found a basalt altar of Yredelemnul.
  4159 | D:4      | Reached XP level 8. HP: 64/66 MP: 7/7
  4491 | D:5      | Entered Level 5 of the Dungeon
  4855 | D:5      | Found Quedit's Assorted Antiques.
  4865 | D:5      | Bought a scroll of identify for 48 gold pieces
  4865 | D:5      | Bought a scroll of identify for 48 gold pieces
  5270 | D:5      | Found a white marble altar of Elyvilon.
  5528 | D:5      | Found the +7 Singing Sword {vorpal, sonic wave}
  5631 | D:5      | Reached **** piety under Trog
  5725 | D:5      | Found a runed translucent door.
  5726 | D:5      | Noticed Crazy Yiuf
  5732 | D:5      | Killed Crazy Yiuf
  6447 | D:6      | Reached XP level 9. HP: 58/71 MP: 8/8
  6462 | D:6      | Reached skill level 1 in Evocations
  7177 | D:7      | Found a staircase to the Ecumenical Temple.
  7394 | D:7      | Found a runed translucent door.
  7405 | D:7      | Noticed Tirrikindir's ghost (novice OpFi)
  7519 | D:7      | Killed Tirrikindir's ghost
  7520 | D:7      | Reached skill level 5 in Fighting
  7520 | D:7      | Reached skill level 8 in Axes
  7587 | D:8      | Noticed Prince Ribbit
  7608 | D:8      | Killed Prince Ribbit
  7755 | D:8      | Found an ancient bone altar of Kikubaaqudgha.
  7827 | D:8      | Reached ***** piety under Trog
  7837 | D:8      | Reached skill level 9 in Axes
  7994 | D:8      | Noticed seveneves's ghost (novice MiFi)
  7995 | D:8      | Noticed a kobold demonologist
  8025 | D:8      | Found a runed translucent gate.
  8025 | D:8      | Found a runed translucent gate.
  8025 | D:8      | Found a runed translucent gate.
  8163 | D:8      | Reached XP level 10. HP: 68/83 MP: 9/9
  8545 | D:8      | You fall into a shaft and drop 2 floors!
  8545 | D:10     | Entered Level 10 of the Dungeon
  8907 | D:10     | Reached skill level 10 in Armour
  8939 | D:10     | Received a gift from Trog
  9298 | D:9      | Reached skill level 10 in Axes
  9353 | D:9      | Found a snail-covered altar of Cheibriados.
  9353 | D:9      | Found a faded altar of an unknown god.
  9359 | D:9      | Found a glowing golden altar of the Shining One.
  9361 | D:9      | Found a sparkling altar of Nemelex Xobeh.
  9363 | D:9      | Found a faded altar of an unknown god.
  9717 | D:8      | Found a glowing silver altar of Zin.
 10937 | D:11     | Noticed a wizard
 10947 | D:11     | Killed a wizard
 11095 | D:11     | Found a staircase to the Orcish Mines.
 11131 | D:11     | Noticed a six-headed hydra
 11134 | D:11     | Killed a six-headed hydra
 11135 | D:11     | Reached skill level 11 in Axes
 11417 | D:11     | Reached skill level 10 in Dodging
 11427 | D:11     | Found a staircase to the Lair.
 11616 | D:11     | Reached skill level 12 in Axes
 11616 | D:11     | Reached XP level 11. HP: 92/92 MP: 10/10
 11717 | D:11     | Gained mutation: You are occasionally teleported next to
                  | monsters. [potion of mutation]
 11717 | D:11     | Gained mutation: You are agile. (Dex +2) [potion of
                  | mutation]
 12057 | D:12     | Reached skill level 13 in Axes
 12178 | D:12     | Noticed a two-headed ogre
 12185 | D:12     | Killed a two-headed ogre
 12186 | D:12     | Reached XP level 12. HP: 62/100 MP: 11/11
 12644 | D:12     | Received a gift from Trog
 12935 | D:13     | Noticed a two-headed ogre
 12942 | D:13     | Killed a two-headed ogre
 13131 | D:13     | Reached skill level 14 in Axes
 13270 | D:13     | Noticed a two-headed ogre
 13283 | D:13     | Killed a two-headed ogre
 13628 | D:13     | Noticed a centaur warrior
 13642 | D:13     | Killed a centaur warrior
 13692 | D:13     | Noticed a fire giant
 13696 | D:13     | Killed a fire giant
 14022 | D:13     | Noticed a vault guard
 14176 | D:13     | Reached skill level 15 in Axes
 14244 | D:13     | Noticed a boulder beetle
 14251 | D:13     | Killed a boulder beetle
 14287 | D:13     | Noticed a vault guard
 14453 | D:13     | Got a sparkling brass ring
 14454 | D:13     | Identified the ring "Xaenoymurgh" {*Drain rPois rC+ Dex+6
                  | SInv} (You found it on level 13 of the Dungeon)
 14744 | Lair:1   | Entered Level 1 of the Lair of Beasts
 14920 | Lair:1   | You fall into a shaft and drop 1 floor!
 14972 | Lair:2   | Reached XP level 13. HP: 86/105 MP: 12/12
 15290 | Lair:2   | Found a hole to the Spider Nest.
 15320 | Lair:2   | Reached skill level 16 in Axes
 15345 | Lair:2   | Received a gift from Trog
 17816 | Lair:4   | Reached skill level 17 in Axes
 19167 | Lair:4   | Found a staircase to the Shoals.
 20078 | Lair:5   | Found a staircase to the Slime Pits.
 20154 | Lair:5   | Received a gift from Trog
 20159 | Lair:5   | Reached XP level 14. HP: 106/116 MP: 13/13
 20835 | Lair:6   | Entered Level 6 of the Lair of Beasts
 21038 | Orc:1    | Entered Level 1 of the Orcish Mines
 21053 | Orc:1    | Found a roughly hewn altar of Beogh.
 21262 | Orc:1    | Found a transporter.
 21946 | Orc:1    | Noticed a stone giant
 22235 | Orc:2    | Entered Level 2 of the Orcish Mines
 22258 | Orc:1    | Received a gift from Trog
 22570 | Orc:1    | Got a warped executioner's axe {god gift}
 22571 | Orc:1    | Identified the +1 executioner's axe "Ruogogez" {flame, rN+
                  | Will+++ Dex-5} (Trog gifted it to you on level 1 of the
                  | Orcish Mines)
 22618 | Orc:2    | Noticed Donald
 22647 | Orc:1    | Killed Donald
 22711 | Orc:2    | Noticed an orc warlord
 22726 | Orc:2    | Killed an orc warlord
 22984 | Orc:2    | Found a staircase to the Elven Halls.
 23121 | D:11     | Lost mutation: You are agile. (Dex +2) [potion of mutation]
 23121 | D:11     | Lost mutation: You are occasionally teleported next to
                  | monsters. [potion of mutation]
 23121 | D:11     | Gained mutation: Your mind is acute. (Int +2) [potion of
                  | mutation]
 23121 | D:11     | Gained mutation: You are partially covered in large bone
                  | plates. (SH +4) [potion of mutation]
 23121 | D:11     | Gained mutation: You possess an exceptional clarity of
                  | mind. [potion of mutation]
 23392 | Orc:2    | Reached skill level 18 in Axes
 23481 | Orc:2    | Found Giym's Distillery.
 23496 | Orc:2    | Bought a potion of heal wounds for 70 gold pieces
 23496 | Orc:2    | Bought a potion of heal wounds for 70 gold pieces
 23649 | Orc:2    | Found a radiant altar of Vehumet.
 23739 | Orc:2    | Found Wisaibramoun's Distillery.
 23788 | Orc:2    | Reached ****** piety under Trog
 23791 | Orc:2    | Bought a potion of haste for 140 gold pieces
 23791 | Orc:2    | Bought a potion of resistance for 140 gold pieces
 23795 | Orc:2    | Noticed Nergalle
 23798 | Orc:2    | Found an ancient bone altar of Kikubaaqudgha.
 23801 | Orc:2    | Killed Nergalle
 23877 | Orc:2    | Found a roughly hewn altar of Beogh.
 23877 | Orc:2    | Found Kounarghi's Antique Weapon Shoppe.
 23879 | Orc:2    | Reached skill level 15 in Armour
 23882 | Orc:2    | Found Veubrobb's Book Emporium.
 24692 | Orc:1    | Reached skill level 1 in Bows
 24696 | Orc:1    | Found a transporter.
 24696 | Orc:1    | Found a runed translucent door.
 24696 | Orc:1    | Found a bloodstained altar of Trog.
 24697 | Orc:1    | Found the +8 Wrath of Trog {antimagic, *Rage}
 24702 | Orc:1    | Noticed a deep elf elementalist
 24706 | Orc:1    | Hit by a large rock thrown by a stone giant

Illustrated notes

Levels and vault maps discovered:
D:1:      shiori_arrival_whats_in_store_for_you, layout_basic, minivault_25
D:2:      layout_loops_cross, grunt_temple_overflow_forces_of_nature,
          nrook_mini_backslash, uniq_robin
D:3:      layout_rooms, general_overflow_altar, marbit_many_paths,
          grunt_temple_overflow_open, uniq_sigmund, uniq_terence, uniq_natasha
D:4:      cheibrodos_thug_alley, layout_cave_pools,
          nicolae_overflow_crystal_walls, dk_yredelemnul_ordeal
D:5:      old_forge, layout_basic, serial_shops, shop, basic_altar,
          uniq_crazy_yiuf_cottage
D:6:      layout_rooms
D:7:      layout_cave_pools, temple_fountains, gammafunk_ghost_grave
D:8:      layout_rooms, kennysheep_mini_moat, kennysheep_mini,
          gammafunk_ghost_nasty_kobolds, minivault_11, uniq_prince_ribbit1
D:9:      layout_irregular_city, chequers_temple_overflow_minitemple
D:10:     layout_rooms
D:11:     cheibrodos_elevator_heist, layout_gridville,
          grunt_lair_entry_orc_guard_hut, orc_0_dummy, lightli_wizard_tower
D:12:     layout_loops_ring
D:13:     nzn_winding_woodlands_small [nzn_winding_woodlands_5x15_twine,
          nzn_winding_woodlands_center_triple_pond,
          nzn_winding_woodlands_5x15_parted], layout_basic,
          grunt_vaults_entry_fortified
Lair:1:   layout_misc_corridors, st_stairs_3, grunt_megastairs_1
Lair:2:   layout_roguey, nicolae_spider_entry_non_spiders,
          infiniplex_staircase_pool
Lair:3:   layout_gridlike, chequers_serial_rivers_marsh,
          chequers_serial_rivers_micro_c, grunt_megastairs_4,
          lemuel_fruit_fields
Lair:4:   layout_layer_cave, elwin_shoals_entry_rooms
Lair:5:   layout_cave_pods, slime_dummy, serial_bayou_shore_a,
          lemuel_fruit_tree, lemuel_fruit_fields, infiniplex_staircase_pool_2
Lair:6:   minmay_lair_end_enchanted_forest, layout_gridlike,
          serial_bayou_crossing
Orc:1:    emtedronai_trogs_sanctum, layout_diamond_mine, basic_altar
Orc:2:    kennysheep_orc_mage_school, layout_diamond_mine, minmay_orc_keep,
          uniq_donald

Skill      XL: |  1  2  3  4  5  6  7  8  9 10 11 12 13 14 |
---------------+-------------------------------------------+-----
Axes           | 4 5 6 7 9 12 13 15 17 18 | 18.2
Fighting       | 4 5 7 8 9 |  9.6
Armour         | 3 4 5 7 9 11 13 14 15 | 15.0
Dodging        | 3 4 6 8 9 10 12 13 | 13.9
Evocations     | 3 4 |  4.0
Bows           | 1 |  1.0

Action                   |  1- 3 |  4- 6 |  7- 9 | 10-12 | 13-15 || total
-------------------------+-------+-------+-------+-------+-------++-------
Melee: Hand axe          |    94 |    26 |       |       |       ||   120
       Headbutt          |    11 |    11 |    76 |    73 |    86 ||   257
       War axe           |       |    53 |   333 |    61 |       ||   447
       Broad axe         |       |       |       |   125 |       ||   125
       Battleaxe         |       |       |       |   111 |   105 ||   216
       Executioner's axe |       |       |       |       |   349 ||   349
Invok: Berserk           |     2 |     5 |    13 |    11 |    13 ||    44
       Brothers in Arms  |       |       |       |     1 |       ||     1
Evoke: Wand              |       |       |     1 |     3 |     5 ||     9
  Use: Scroll            |     1 |     4 |     5 |     8 |     9 ||    27
       Potion            |     1 |       |       |     3 |     9 ||    13
 Stab: Paralysed         |       |       |     1 |       |       ||     1
       Distracted        |       |       |       |     1 |       ||     1
Armor: Animal skin       |    17 |     3 |       |       |       ||    20
       Ring mail         |       |    18 |    78 |    36 |       ||   132
       Chain mail        |       |       |       |    69 |    27 ||    96
       Skin              |       |       |       |       |    41 ||    41
       Plate armour      |       |       |       |       |   125 ||   125
Dodge: Dodged            |    74 |    57 |   204 |   231 |   334 ||   900
Block: Other             |       |       |    57 |    64 |   163 ||   284
       Reflection        |       |       |     3 |    19 |    14 ||    36
